Map: Magma Mines

Players

shadowhalo - Winner!

  • Race: Terran Terran

Tenonee - Winner!

  • Race: Zerg Zerg
  • League: Platinum

Guitar

  • Race: Terran Terran

buggy

  • Race: Terran Terran
  • League: Platinum

VOD

Have the link to the VOD?

Description

Time

  • Played on: July 24, 2016, 5:54 a.m.
  • Length: 21:22
Show
View Real Time Build Order
Export as new Build Order

shadowhalo Terran - Winner!

Build Orders: MMM Bio 

Get SALT Encoding   

  12  0:01  SCV  
  13  0:13  SCV  
  14  0:19  Supply Depot  
  14  0:25  SCV  
  15  0:31  Refinery  
  15  0:40  SCV  
  16  0:45  Barracks  
  16  0:52  SCV  
  17  1:03  Barracks  
  17  1:08  SCV  
  18  1:20  Barracks  
  18  1:30  Refinery  
  18  1:33  Reaper  
  19  1:42  Supply Depot  
  19  1:50  Reaper  
  19  1:51  SCV  
  21  2:05  Reaper  
  23  2:08  Reaper  
  23  2:10  SCV  
  24  2:22  Reaper  
  25  2:37  Reaper  
  25  2:40  Reaper  
  25  2:43  SCV  
  28  2:49  Supply Depot  
  28  2:54  Marine  
  29  3:09  Reaper  
  29  3:12  Reaper x2  
  30  3:41  Reaper  
  30  3:44  Reaper x2  
  27  4:13  Reaper  
  27  4:16  Reaper  
  27  4:17  Reaper  
  30  4:23  SCV  
  31  4:26  Supply Depot  
  31  4:35  SCV  
  32  4:40  Command Center  
  32  4:46  Reaper  
  32  4:48  Reaper  
  32  4:49  Reaper  
  35  4:56  Orbital Command  
  35  5:01  Supply Depot  
  35  5:18  Reaper  
  35  5:20  Reaper  
  35  5:21  Reaper  
  38  5:53  Barracks Tech Lab x2  
  38  5:59  Barracks Tech Lab  
  38  6:05  SCV  
  38  6:10  Supply Depot  
  39  6:13  Engineering Bay  
  39  6:14  Factory  
  38  6:32  SCV x2  
  40  6:33  Barracks  
  40  6:34  Barracks  
  40  6:35  Barracks  
  40  6:41  Terran Infantry Weapons Level 1  
  40  6:44  SCV  
  41  6:48  Combat Shields, Marine, Stimpack  
  41  6:49  Marine x2  
  41  6:52  Orbital Command  
  44  6:58  Starport  
  44  7:06  SCV  
  44  7:07  Starport  
  45  7:15  Factory Tech Lab  
  45  7:23  Barracks Tech Lab  
  45  7:25  Marine x3  
  45  7:26  Marine  
  45  7:27  SCV x2  
  51  7:31  Refinery  
  51  7:34  Refinery  
  51  7:39  SCV  
  52  7:55  SCV x2  
  54  8:01  Banshee x2  
  54  8:02  Cloaking Field  
  60  8:07  SCV x2  
  60  8:09  Supply Depot  
  60  8:10  Supply Depot  
  62  8:43  Banshee  
  62  8:44  Banshee  
  58  9:26  Banshee x2  
  58  9:27  Marine x2  
  58  9:28  Marine x2  
  68  10:21  Viking x2  
  68  10:24  SCV x2  
  74  10:36  Command Center, SCV x2  
  76  10:48  SCV x2  
  78  10:51  Viking  
  80  11:00  SCV  
  80  11:01  SCV  
  82  11:05  Viking  
  84  11:13  SCV  
  82  11:21  Viking  
  84  11:35  Viking  
  83  11:49  Orbital Command  
  83  11:51  Viking  
  83  11:52  Refinery  
  85  11:56  Armory  
  85  11:59  SCV x2, Armory  
  87  12:03  Starport  
  87  12:04  Liberator, Starport  
  87  12:05  Viking  
  89  12:11  SCV  
  90  12:15  Fusion Core  
  90  12:17  Liberator, SCV x2  
  95  12:32  Refinery  
  98  12:47  Liberator, Starport Tech Lab x2  
  98  12:58  Liberator x2  
  108  13:20  SCV x2  
  108  13:23  Supply Depot  
  108  13:24  Supply Depot  
  108  13:25  Terran Ship Weapons Level 1, Terran Vehicle And Ship Armor Level 1  
  109  13:27  Liberator  
  109  13:29  Liberator  
  109  13:33  Supply Depot  
  109  13:41  Liberator  
  109  13:43  Missile Turret  
  115  13:49  Missile Turret  
  115  13:58  Banshee  
  121  14:11  Command Center  
  121  14:13  Hyperflight Rotors  
  121  14:27  Banshee  
  121  14:29  Banshee  
  119  15:07  Banshee x2  
  125  15:14  Banshee  
  125  15:22  Banshee  
  128  15:38  Terran Vehicle And Ship Armor Level 2, Terran Ship Weapons Level 2  
  128  15:40  Orbital Command  
  128  15:44  Supply Depot  
  128  15:45  Supply Depot  
  128  15:46  Supply Depot  
  128  15:47  Supply Depot  
  128  15:49  Supply Depot  
  128  15:50  Missile Turret, Banshee x2  
  128  15:57  Banshee  
  120  17:16  Banshee x2  
  120  17:17  Banshee x2  
  129  17:59  Banshee x3  
  132  18:26  Banshee  
  128  18:42  Banshee x3  
  137  19:09  Banshee  
  140  19:25  Banshee x2  
  125  19:50  Banshee  
  125  19:52  Banshee  
  131  20:08  Banshee x2  
  137  20:31  Orbital Command  
  137  20:34  Supply Depot x2  
  137  20:35  Supply Depot  
Show
View Real Time Build Order
Export as new Build Order

Tenonee Zerg - Winner!

Build Orders: Hatch First, Lurkers 

Get SALT Encoding   

  12  0:01  Drone  
  13  0:14  Drone  
  14  0:36  Hatchery  
  14  0:40  Drone  
  14  0:46  Extractor  
  13  0:51  Drone  
  14  1:02  Spawning Pool  
  13  1:10  Overlord  
  13  1:15  Drone  
  14  1:36  Drone x3  
  17  1:48  Metabolic Boost  
  17  1:55  Zergling x2  
  17  1:57  Zergling x2  
  19  2:06  Queen  
  21  2:11  Queen  
  23  2:19  Drone x2  
  23  2:20  Drone  
  26  2:30  Drone x2  
  26  2:32  Overlord  
  28  2:51  Drone x4  
  31  2:52  Overlord  
  31  2:53  Overlord  
  31  3:11  Zergling x2  
  31  3:12  Zergling x2  
  33  3:21  Drone x2  
  33  3:22  Drone, Roach Warren  
  33  3:24  Drone  
  33  3:25  Drone x4  
  40  3:42  Overlord  
  40  3:46  Extractor  
  39  4:04  Roach x2  
  39  4:05  Roach x4  
  50  4:30  Extractor  
  47  4:31  Extractor  
  47  4:34  Roach x3  
  47  4:35  Roach x2  
  56  4:50  Roach x2  
  60  4:53  Overlord x3  
  60  5:02  Overlord x2  
  60  5:13  Evolution Chamber  
  59  5:14  Lair  
  59  5:17  Evolution Chamber  
  57  5:24  Hatchery  
  52  5:33  Queen  
  44  5:46  Zerg Ground Armor Level 1, Zerg Missile Weapons Level 1  
  44  5:49  Drone x2  
  47  5:50  Drone x6  
  47  5:54  Zergling x2  
  53  6:16  Drone  
  53  6:17  Glial Reconstitution, Hydralisk Den  
  53  6:20  Drone x6  
  59  6:38  Ravager  
  59  6:39  Ravager x6  
  66  6:41  Roach x3  
  66  6:44  Drone x4  
  66  6:45  Drone  
  77  6:58  Roach  
  77  6:59  Roach x6  
  91  7:13  Queen  
  93  7:17  Muscular Augments, Extractor  
  92  7:25  Extractor  
  91  7:33  Overlord x3  
  91  7:35  Drone x4  
  91  7:36  Drone x5  
  100  7:43  Hydralisk x2  
  104  7:52  Zerg Ground Armor Level 2  
  104  7:57  Zerg Missile Weapons Level 2  
  104  8:06  Queen  
  104  8:08  Drone  
  104  8:09  Drone x2  
  104  8:12  Overlord  
  107  8:35  Hydralisk x3, Roach  
  107  8:36  Hydralisk, Roach x3  
  72  9:33  Drone x3  
  72  9:35  Drone x2  
  72  9:36  Hydralisk x3  
  72  9:37  Hydralisk  
  85  9:49  Queen  
  87  9:53  Queen  
  89  10:17  Spire  
  88  10:28  Queen  
  88  10:29  Queen  
  92  10:36  Lurker Den  
  92  10:42  Drone x3  
  80  11:26  Drone x3  
  80  11:27  Drone x4  
  86  11:58  Drone x4  
  86  11:59  Drone x2  
  92  12:07  Lurker x4  
  96  12:15  Hatchery  
  96  12:20  Mutalisk, Queen  
  96  12:21  Mutalisk x9  
  87  13:08  Hydralisk x3, Roach x2  
  87  13:09  Hydralisk x3, Roach x4  
  87  13:10  Roach x2  
  115  13:25  Drone x2  
  115  13:26  Drone x2  
  119  13:28  Queen  
  119  13:30  Overlord  
  121  13:48  Infestation Pit  
  120  13:58  Drone  
  120  13:59  Drone x11  
  120  14:00  Overlord x4  
  128  14:35  Overseer  
  128  14:37  Overlord x2  
  122  14:56  Hydralisk x3, Roach  
  122  14:57  Hydralisk x4, Roach x4  
  122  14:58  Roach x3  
  150  15:03  Overlord  
  149  15:10  Extractor  
  149  15:11  Extractor, Drone x2  
  149  15:12  Drone  
  148  15:17  Drone x2  
  148  15:18  Drone x2  
  151  15:25  Lurker  
  151  15:26  Lurker x5  
  157  15:29  Drone x2  
  157  15:30  Drone  
  157  15:31  Drone  
  161  15:40  Drone x3  
  161  15:41  Drone  
  165  15:55  Overlord x2  
  165  15:57  Hive  
  142  16:14  Extractor  
  142  16:15  Hatchery  
  142  16:16  Extractor  
  137  16:31  Zergling x2  
  128  16:35  Mutalisk  
  128  16:36  Mutalisk x9  
  117  17:43  Drone x2  
  117  17:44  Drone x5  
  122  17:47  Drone x2  
  122  17:48  Drone x4  
  130  17:52  Roach x15  
  130  17:53  Roach x2  
  124  18:24  Hydralisk x3, Roach  
  124  18:25  Hydralisk x2, Roach x4  
  144  18:37  Ravager x4  
  144  18:38  Ravager  
  149  18:45  Overseer x2  
  149  18:46  Queen  
  151  18:57  Queen  
  151  19:02  Queen  
  155  19:04  Zergling x2  
  155  19:06  Overlord, Zergling x2  
  155  19:07  Overlord  
  143  19:25  Mutalisk x12  
  143  19:26  Mutalisk  
  153  20:10  Overlord x2  
  153  20:15  Extractor  
  152  20:26  Zergling x2  
  152  20:28  Hydralisk x3, Roach  
  153  20:29  Hydralisk x4, Roach x3  
  153  20:30  Roach x2  
  172  20:51  Hydralisk  
  172  20:52  Hydralisk x3, Roach x3  
  172  20:53  Roach  
Show
View Real Time Build Order
Export as new Build Order

Guitar Terran 

Build Orders: MMM Bio 

Get SALT Encoding   

  12  0:22  SCV  
  13  0:34  Supply Depot  
  13  0:35  SCV  
  14  0:47  SCV  
  15  0:56  Refinery  
  15  0:59  SCV  
  15  1:00  Barracks  
  17  1:11  SCV  
  17  1:13  Barracks  
  17  1:23  SCV  
  18  1:27  Barracks  
  18  1:28  Refinery  
  18  1:35  SCV  
  19  1:44  Supply Depot  
  19  1:48  Reaper  
  19  1:51  Orbital Command  
  20  2:08  Reaper  
  21  2:10  Barracks  
  21  2:15  Reaper  
  21  2:21  SCV  
  23  2:28  Reaper  
  24  2:40  Reaper  
  25  2:48  Reaper  
  26  3:00  Reaper  
  25  3:07  Reaper  
  25  3:12  Reaper  
  25  3:20  Reaper  
  26  3:32  Reaper  
  27  3:39  Reaper  
  27  3:40  Command Center  
  29  4:10  Factory  
  29  4:12  Barracks Tech Lab, Refinery  
  29  4:13  Barracks Tech Lab x2, Barracks Reactor  
  29  4:14  SCV  
  29  4:17  Engineering Bay  
  29  4:18  Refinery  
  29  4:26  SCV  
  30  4:38  SCV  
  27  4:51  Marauder  
  30  4:52  Marauder  
  30  4:55  Stimpack  
  30  4:56  Marine x2, Marauder  
  30  4:57  Orbital Command  
  34  5:02  Factory Tech Lab  
  34  5:05  SCV  
  35  5:13  Marauder  
  37  5:18  SCV  
  38  5:22  Marine, Marauder  
  38  5:23  Marauder  
  38  5:26  Marine  
  43  5:34  Marauder  
  43  5:40  Marine  
  44  5:43  Marine  
  44  5:44  Marine, Marauder  
  44  5:48  SCV  
  49  5:52  Supply Depot  
  49  5:55  Marine  
  50  5:58  Starport, Marine  
  50  6:00  SCV  
  52  6:12  SCV  
  53  6:22  Factory Reactor  
  52  6:28  Marine x2, Marauder  
  52  6:32  SCV  
  57  6:36  Supply Depot  
  57  6:39  SCV  
  58  6:42  Combat Shields  
  58  6:48  Marine x2  
  58  6:49  Marauder  
  58  6:52  Engineering Bay  
  62  6:58  Supply Depot, SCV  
  62  7:01  Supply Depot x2  
  63  7:08  Medivac  
  63  7:09  Medivac  
  67  7:24  Marine x2  
  69  7:36  Supply Depot  
  69  7:38  Medivac  
  69  7:39  Terran Infantry Weapons Level 1, Medivac  
  69  7:43  Engineering Bay  
  73  7:46  Marine  
  74  7:52  Siege Tank  
  77  8:08  Medivac  
  77  8:09  Medivac  
  77  8:11  Marine x3  
  77  8:12  Marauder  
  86  8:38  Medivac  
  86  8:40  Marine x2  
  86  8:41  Marauder  
  57  9:26  Marine x3, Marauder  
  57  9:27  Medivac x2, Marauder  
  68  9:40  Command Center  
  68  9:45  Marauder  
  70  9:48  Marine x2  
  70  9:49  Marine  
  70  9:51  Marine  
  74  10:06  Marine x4  
  78  10:09  Marauder  
  78  10:12  Concussive Shells  
  80  10:23  Marine  
  80  10:24  Terran Infantry Armor Level 1, Marine x2  
  83  10:30  Missile Turret x2  
  83  10:34  Marine  
  82  10:47  Viking  
  70  11:16  Marine x5  
  72  11:33  Marine  
  72  11:35  Marine x2, Marauder  
  72  11:36  Marauder  
  63  11:51  Marine  
  63  11:54  Marauder  
  66  12:04  Missile Turret  
  66  12:06  Building Armor  
  66  12:26  Siege Tank  
  69  12:32  Planetary Fortress  
  69  12:38  Missile Turret  
  45  12:55  Marine x5  
  48  13:13  Marine x5  
  48  13:14  Missile Turret  
  48  13:18  SCV  
  54  13:28  SCV  
  54  13:29  SCV  
  54  13:30  Marine, SCV  
  54  13:31  Marine x3  
  54  13:32  Marauder  
  63  13:40  SCV  
  63  13:41  SCV  
  65  13:48  Marine  
  65  13:49  Marine  
  65  13:53  Viking x2  
  65  13:55  SCV  
  69  13:59  Missile Turret  
  69  14:07  SCV  
  70  14:11  Marine  
  70  14:12  Marine  
  72  14:18  Armory  
  72  14:23  Viking, Medivac  
  62  14:53  Medivac  
  56  15:08  Marine x3  
  56  15:09  Marine, Marauder  
  56  15:13  Viking  
  62  15:23  Viking  
  62  15:24  SCV  
  62  15:25  Marine, SCV x2  
  62  15:26  Marine  
  62  15:27  Marine, Marauder  
  72  15:30  Marauder  
  74  15:36  SCV  
  74  15:37  SCV  
  74  15:38  SCV  
  74  15:42  Missile Turret  
  77  15:43  Marine  
  77  15:44  Marine  
  77  15:45  Marauder  
  77  15:48  Marine, SCV  
  77  15:49  SCV  
  84  15:50  SCV  
  84  15:51  Marine  
  86  16:00  SCV  
  86  16:01  Marine  
  86  16:02  Marine  
  83  16:06  Marauder x2  
  83  16:09  Marine  
  87  16:19  Marine x2  
  89  16:27  Marauder  
  89  16:29  Marine  
  89  16:30  Marine  
  89  16:32  Terran Infantry Weapons Level 2  
  87  16:33  Terran Infantry Armor Level 2  
  87  16:37  Marine x2  
  88  16:47  Marine  
  88  16:48  Marine x2  
  91  16:54  Marine  
  91  16:55  Marine  
  91  16:59  Medivac  
  91  17:00  Medivac  
  89  17:05  Marine x2  
  89  17:06  Marine  
  92  17:12  Marine  
  92  17:13  Marine  
  85  17:23  Marine x3  
  85  17:29  Medivac  
  87  17:30  Marine  
  87  17:31  Marine  
  87  17:41  Marine, Marauder  
  78  17:53  Marine x2  
  78  17:54  Marauder  
  78  17:57  Medivac  
  84  17:59  Marauder  
  84  18:02  Command Center, Missile Turret, Marine  
  81  18:05  Missile Turret  
  81  18:11  Marine x2  
  64  18:15  Missile Turret, Marauder  
  66  18:20  Marine, Marauder  
  67  18:29  Marine x2  
  67  18:30  SCV  
  69  18:37  Marauder  
  69  18:39  Marauder  
  66  18:42  SCV, Marauder  
  66  18:46  Marine  
  66  18:47  Marine  
  69  18:50  Missile Turret  
  73  18:58  Marauder  
  73  18:59  Marine  
  76  19:03  Marauder  
  76  19:04  Marine x2  
  72  19:19  Marine  
  77  19:37  Marauder  
  71  19:59  Marauder  
  52  20:18  Siege Tank  
  52  20:19  Marine  
  54  20:33  Barracks  
  54  20:38  Marauder  
  54  20:42  Missile Turret  
  48  20:59  Marine  
Show
View Real Time Build Order
Export as new Build Order

buggy Terran 

Build Orders: Liberator Opening, Reaper Expand, MMM Bio 

Get SALT Encoding   

  12  0:01  SCV  
  13  0:13  SCV  
  14  0:19  Supply Depot  
  14  0:25  SCV  
  15  0:40  SCV  
  15  0:42  Barracks  
  16  0:46  Refinery  
  16  0:53  SCV  
  17  1:05  SCV  
  18  1:17  SCV  
  19  1:29  Reaper  
  21  1:34  Orbital Command  
  20  1:44  Command Center  
  20  1:54  Refinery  
  20  1:56  Supply Depot  
  20  2:02  SCV  
  21  2:08  Marine  
  22  2:15  Factory  
  22  2:27  SCV  
  23  2:33  Marine  
  23  2:43  Bunker  
  23  2:49  SCV  
  23  2:56  Bunker  
  23  2:59  Marine  
  23  3:00  Hellion  
  23  3:02  Starport, SCV  
  23  3:04  Orbital Command  
  25  3:17  Marine  
  25  3:27  Hellion  
  25  3:30  Bunker  
  27  3:37  SCV  
  27  3:49  Supply Depot, SCV  
  28  3:56  Liberator, Orbital Command  
  28  4:01  Hellion  
  30  4:10  Bunker  
  30  4:12  Marine  
  30  4:16  SCV  
  35  4:21  Supply Depot  
  35  4:25  Refinery  
  35  4:32  Marine  
  35  4:34  SCV  
  35  4:35  SCV  
  38  4:39  Factory Tech Lab  
  38  4:46  SCV  
  38  4:48  Liberator  
  38  4:51  Marine  
  40  5:01  SCV x2  
  40  5:03  Supply Depot  
  45  5:08  Siege Tank  
  45  5:10  Marine  
  45  5:13  SCV x2  
  49  5:22  Barracks  
  44  5:30  SCV  
  39  5:35  Marine  
  32  5:50  Orbital Command  
  32  5:51  Liberator  
  32  6:05  SCV  
  32  6:07  Siege Tank  
  39  6:12  Barracks Tech Lab, Orbital Command  
  39  6:17  SCV  
  41  6:22  Barracks Reactor  
  40  6:37  SCV  
  40  6:39  Liberator  
  41  6:40  SCV  
  41  6:41  Siege Tank  
  41  6:45  Marine  
  41  6:46  Stimpack  
  46  6:47  Supply Depot  
  46  6:49  Barracks, SCV  
  46  6:52  SCV  
  52  7:01  SCV  
  52  7:04  SCV  
  53  7:08  Engineering Bay  
  53  7:27  Marine  
  53  7:28  Marine  
  53  7:29  SCV x2  
  57  7:32  Siege Tank  
  60  7:40  Barracks Reactor  
  60  7:42  Engineering Bay  
  60  7:43  SCV  
  60  7:44  Terran Infantry Weapons Level 1, SCV  
  62  7:46  Missile Turret  
  62  8:05  Siege Tank  
  65  8:09  SCV x2  
  67  8:15  Starport Reactor  
  67  8:16  Command Center, Marine x3  
  69  8:45  SCV x2  
  69  8:46  Marine x2  
  69  8:47  Marine  
  69  8:48  Liberator  
  74  8:50  Refinery  
  74  8:52  Siege Tank  
  77  8:57  SCV  
  77  9:01  Liberator  
  78  9:27  Command Center, Marine  
  78  9:28  SCV x2  
  78  9:29  Combat Shields  
  78  9:36  Supply Depot  
  78  9:38  Supply Depot  
  78  9:39  Armory  
  78  9:40  Hi-Sec Auto Tracking  
  78  9:55  Marine  
  78  9:57  Marine x4, Medivac  
  82  10:03  Missile Turret  
  79  10:13  Viking  
  78  10:15  Marine  
  78  10:16  SCV x2  
  82  10:28  SCV x2  
  82  10:33  Ghost Academy  
  83  10:39  Refinery  
  80  10:46  Missile Turret  
  80  10:47  SCV x2  
  81  10:53  Terran Ship Weapons Level 1  
  81  10:54  Supply Depot, Terran Infantry Weapons Level 2  
  81  10:55  Missile Turret  
  81  10:59  SCV x2  
  81  11:01  Orbital Command  
  81  11:02  Missile Turret  
  82  11:25  Orbital Command  
  82  11:28  Missile Turret  
  82  11:29  Missile Turret, Viking  
  82  11:31  Missile Turret  
  84  11:40  SCV x2  
  84  11:41  Personal Cloaking  
  86  11:50  Missile Turret  
  86  11:58  Marine  
  86  11:59  Ghost  
  89  12:11  SCV  
  89  12:14  SCV x2  
  92  12:20  Refinery  
  92  12:28  Ghost  
  94  12:31  Marine  
  94  12:35  Barracks  
  95  12:57  Ghost  
  69  13:13  Marine x4  
  69  13:17  Siege Tank  
  69  13:18  Missile Turret, Viking x2  
  69  13:19  SCV x3  
  83  13:23  Missile Turret  
  83  13:25  Marine  
  84  13:27  Nuke  
  84  13:30  Marine  
  84  13:31  Marine, SCV  
  87  13:36  Barracks Tech Lab  
  87  13:42  Marine x2  
  87  13:43  Ghost  
  91  13:53  Missile Turret  
  91  13:55  Command Center  
  91  14:08  Ghost, SCV x2  
  91  14:09  Marine  
  96  14:10  Marine x3  
  96  14:12  Ghost  
  96  14:14  Supply Depot  
  100  14:27  Marine x2  
  101  14:37  Ghost  
  103  14:48  Marine x3  
  103  14:49  Marine  
  107  15:07  Viking, Marine x2  
  108  15:26  Nuke  
  108  15:32  Supply Depot  
  108  15:49  Marine x3, Ghost  
  107  15:50  Marine  
  107  15:52  Ghost  
  107  15:53  Viking x2  
  109  15:57  Missile Turret  
  107  16:22  Missile Turret  
  107  16:23  Missile Turret, Medivac  
  107  16:39  SCV  
  94  16:40  SCV  
  81  16:51  SCV  
  81  16:52  SCV  
  78  17:23  Command Center  
  78  17:24  Supply Depot x2  
  78  17:27  Supply Depot  
  78  17:29  Supply Depot  
  78  17:31  Supply Depot  
  78  17:45  Marine, Ghost x2  
  78  17:46  Marine x3  
  78  17:47  Missile Turret, Supply Depot  
  86  17:53  Missile Turret  
  86  18:03  Marine  
  65  18:26  Marine x2  
  65  18:27  Marine, Ghost, Marauder  
  52  18:32  SCV  
  58  18:44  SCV  
  58  18:48  Ghost  
  59  18:53  Marine x2  
  63  18:57  SCV  
  64  19:13  Missile Turret  
  64  19:14  Missile Turret  
  48  19:48  Marine x4, Ghost  
  48  19:49  Marine  
  48  19:50  SCV  
  56  19:54  Refinery  
  56  20:00  Medivac x2  
  56  20:02  SCV  
  56  20:06  Ghost  
  63  20:21  Missile Turret  
  63  20:34  SCV  
  64  20:43  Command Center  
Tags
 
Add a new tag
Caveats
  • Supply blocks, unpowered buildings, or Contaminate may cause inaccurate times.
  • Supply counts are checked every 10 seconds.